Map: Odyssey LE

Players

Stephano - Winner!

  • Race: Zerg Zerg
  • Spawn Location: 11:00

TheDounat

  • Race: Protoss Protoss
  • Spawn Location: 5:00

Event: WCS Jonkoping 2017

VOD

Have the link to the VOD?

Description

Time

  • Played on: June 17, 2017, 6:36 a.m.
  • Length: 6:12

All games in this series

Show
View Real Time Build Order
Export as new Build Order

Stephano Zerg - Winner!

Build Orders: Hatch First 

Get SALT Encoding   

  12  0:01  Drone  
  13  0:12  Overlord  
  13  0:17  Drone  
  14  0:31  Drone x2  
  14  0:34  Drone  
  17  0:50  Hatchery  
  17  0:54  Drone  
  17  0:57  Drone  
  18  1:08  Extractor  
  17  1:12  Spawning Pool  
  17  1:15  Drone  
  17  1:18  Drone  
  18  1:28  Drone  
  19  1:38  Overlord  
  19  1:49  Drone  
  20  1:58  Queen  
  20  2:00  Zergling x2  
  23  2:02  Queen  
  23  2:03  Drone  
  26  2:11  Metabolic Boost  
  26  2:12  Drone  
  27  2:16  Drone  
  28  2:23  Drone  
  28  2:24  Drone  
  30  2:34  Drone  
  30  2:36  Queen, Drone  
  34  2:45  Hatchery  
  34  2:47  Overlord  
  34  2:49  Drone  
  34  2:55  Drone  
  35  2:58  Drone  
  36  3:07  Drone x2  
  36  3:08  Drone x3  
  36  3:10  Drone  
  42  3:13  Drone x2  
  42  3:19  Overlord  
  44  3:21  Overlord  
  44  3:26  Evolution Chamber  
  43  3:28  Drone  
  44  3:36  Queen x2  
  44  3:38  Spore Crawler  
  44  3:41  Spore Crawler, Drone  
  47  3:42  Drone x2  
  47  3:45  Drone  
  47  3:46  Drone  
  47  3:47  Drone  
  52  3:49  Drone  
  52  3:51  Drone  
  52  3:53  Drone  
  52  3:54  Drone  
  56  4:01  Zerg Melee Weapons Level 1  
  56  4:02  Drone  
  57  4:03  Spore Crawler  
  57  4:04  Zergling x2  
  57  4:07  Drone x2  
  57  4:08  Drone  
  60  4:14  Queen  
  62  4:17  Overlord  
  62  4:19  Drone  
  62  4:20  Extractor  
  62  4:23  Baneling Nest, Drone  
  62  4:24  Zergling x4  
  62  4:25  Zergling x2  
  65  4:33  Overlord  
  65  4:36  Drone  
  65  4:37  Drone  
  67  4:38  Extractor, Queen  
  67  4:43  Zergling x2  
  67  4:44  Zergling x4  
  71  4:48  Drone  
  71  4:49  Zergling x4  
  71  4:51  Overlord x3  
  74  4:57  Overlord  
  74  4:59  Overlord  
  73  5:01  Overlord  
  73  5:03  Drone x2  
  73  5:06  Overlord  
  75  5:07  Drone  
  75  5:11  Drone x2  
  75  5:13  Drone x3  
  81  5:21  Hatchery  
  80  5:27  Baneling x4  
  80  5:28  Baneling x2  
  80  5:29  Drone x2  
  80  5:31  Zergling x2  
  80  5:34  Overlord  
  83  5:42  Zergling x10  
  88  5:43  Zergling x8  
  88  5:45  Baneling x3  
  92  5:53  Zergling x6  
  93  6:10  Hatchery  
Show
View Real Time Build Order
Export as new Build Order

TheDounat Protoss 

Build Orders: 1 Gate Expand 

Get SALT Encoding   

  12  0:01  Probe (Chrono Boost)  
  13  0:11  Probe (Chrono Boost)  
  14  0:18  Pylon  
  14  0:22  Probe (Chrono Boost)  
  15  0:36  Probe (Chrono Boost)  
  15  0:41  Gateway  
  16  0:47  Probe (Chrono Boost)  
  17  0:55  Assimilator  
  17  0:57  Probe (Chrono Boost)  
  18  1:08  Probe (Chrono Boost)  
  20  1:18  Probe (Chrono Boost)  
  20  1:26  Nexus  
  20  1:29  Probe (Chrono Boost)  
  21  1:39  Cybernetics Core  
  21  1:42  Probe (Chrono Boost)  
  22  1:48  Assimilator  
  22  1:53  Pylon  
  22  1:56  Probe (Chrono Boost)  
  23  2:11  Probe (Chrono Boost)  
  23  2:15  Warp Gate  
  24  2:17  Adept  
  28  2:23  Mothership Core (Chrono Boost)  
  28  2:30  Gateway  
  28  2:38  Probe (Chrono Boost)  
  28  2:44  Probe (Chrono Boost)  
  28  2:45  Robotics Facility  
  29  2:54  Probe (Chrono Boost)  
  29  2:57  Probe (Chrono Boost)  
  31  3:02  Adept  
  31  3:05  Probe (Chrono Boost)  
  34  3:07  Probe (Chrono Boost)  
  34  3:10  Twilight Council  
  35  3:15  Probe (Chrono Boost)  
  35  3:18  Adept  
  38  3:22  Probe (Chrono Boost)  
  40  3:27  Probe (Chrono Boost)  
  40  3:32  Warp Prism  
  42  3:35  Probe (Chrono Boost)  
  42  3:38  Probe (Chrono Boost)  
  44  3:41  Pylon  
  44  3:46  Probe (Chrono Boost)  
  45  3:49  Resonating Glaives (Chrono Boost)  
  45  3:53  Probe (Chrono Boost)  
  46  4:00  Probe (Chrono Boost)  
  47  4:06  Probe (Chrono Boost)  
  47  4:08  Pylon  
  48  4:13  Gateway  
  48  4:14  Gateway  
  48  4:16  Gateway  
  48  4:19  Gateway  
  48  4:23  Probe  
  50  4:24  Observer  
  50  4:35  Adept  
  50  4:36  Adept  
  54  4:41  Probe  
  54  4:43  Probe  
  56  4:58  Probe  
  56  4:59  Probe  
  54  5:08  Probe  
  54  5:09  Pylon  
  54  5:11  Pylon, Probe  
  56  5:16  Adept  
  56  5:17  Adept x2  
  62  5:28  Adept x3  
  68  5:42  Adept x2  
  70  5:43  Adept  
  74  5:53  Pylon  
  64  6:06  Adept x6  
Tags
 
Add a new tag
Caveats
  • Supply blocks, unpowered buildings, or Contaminate may cause inaccurate times.
  • Supply counts are checked every 10 seconds.